 Dungeon Crawl Stone Soup version 0.27-a0-1177-g245c70e1c0 (webtiles) character file.

Game seed: 10311783332442011707

5 wafflestompin the Sneak (level 1, 0/9 HPs)
             Began as a Spriggan Enchanter on May 16, 2021.
             Slain by a jackal (1 damage)
             ... on level 1 of the Dungeon.
             The game lasted 00:01:21 (389 turns).

wafflestompin the Sneak (Spriggan Enchanter)         Turns: 389, Time: 00:01:25

Health: 0/9        AC:  2    Str:  4    XL:     1   Next: 66%
Magic:  4/5        EV: 17    Int: 16    God:
Gold:   8          SH:  0    Dex: 15    Spells: 4/5 levels left

rFire    . . .     SeeInvis +   a - +1 dagger
rCold    . . .     Faith    .   (shield restricted)
rNeg     . . .     Spirit   .   b - +0 robe
rPois    .         Reflect  .   (helmet restricted)
rElec    .         Harm     .   (no cloak)
rCorr    .         Rampage  .   (gloves unavailable)
Will     .....                  (boots unavailable)
Stlth    +++.......             (no amulet)
HPRegen  0.03/turn              (no ring)
MPRegen  0.09/turn              (no ring)

@: very quick
A: very small, no large weapons, unfitting armour, see invisible, speed 3
a: no special abilities


You were on level 1 of the Dungeon.
You visited 1 branch of the dungeon, and saw 1 of its levels.

You collected 8 gold pieces.

Inventory:

Hand Weapons
 a - a +1 dagger (weapon)
 c - a +0 hunting sling
Armour
 b - a +0 robe (worn)
Scrolls
 e - a scroll of amnesia {unknown}
Potions
 d - a potion of curing {unknown}


   Skills:
 + Level 1.1 Short Blades
 + Level 2.8 Dodging
 * Level 4.4 Stealth
 + Level 2.7 Spellcasting
 * Level 4.0 Hexes


You had 4 spell levels left.
You knew the following spells:

 Your Spells              Type           Power      Damage    Failure   Level
a - Corona                Hex            16%        N/A       3%          1

Your spell library contained the following spells:

 Spells                   Type           Power      Damage    Failure   Level
 Confusing Touch          Hex            15%        N/A       11%         3
 Tukima's Dance           Hex            15%        N/A       11%         3
 Ensorcelled Hibernation  Hex/Ice        16%        N/A       13%         2
 Dazzling Flash           Conj/Hex       16%        N/A       26%         3


Dungeon Overview and Level Annotations

Branches:
Dungeon (1/15)

Altars:


Innate Abilities, Weirdness & Mutations

You are very small and have problems with some larger weapons.
You are too small for most types of armour.
You have supernaturally acute eyesight. (SInv)
You cover ground extremely quickly. (Speed+++)


Message History

The jackal misses you.
The jackal bites you but does no damage.
The jackal closely misses you.
You hit the jackal.
The jackal is almost dead.
The jackal bites you. x2; The jackal completely misses you.
You hit the jackal but do no damage.
The jackal is almost dead.
The jackal bites you but does no damage.
The jackal closely misses you.
You hit the jackal but do no damage.
The jackal is almost dead.
The jackal closely misses you. x3
You hit the jackal but do no damage.
The jackal is almost dead.
The jackal misses you. The jackal bites you.
You hit the jackal.
You kill the jackal!
The jackal closely misses you. The jackal misses you.
The jackal closely misses you.
Your Hexes skill increases to level 4!
Casting: Corona (safe; 3% risk of failure)
Confirm with . or Enter, or press ? or * to list all spells.
Aiming: Corona (safe; 3% risk of failure)
Press: ? - help, Shift-Dir - straight line, f - jackal
Aim: a jackal (chance to affect: 69%)
The jackal is outlined in light.
The jackal barks!
The jackal misses you. The jackal bites you.
You closely miss the jackal.
The jackal bites you but does no damage.
The jackal bites you.
A ball python comes into view.
The ball python hisses angrily.
You hit the jackal but do no damage.
The jackal bites you but does no damage.
The jackal bites you.
* * * LOW HITPOINT WARNING * * *
The jackal barely misses you. The jackal bites you.
You die...

... ..hh. ...
.#.#.### .# #.#
...... .# >... #...
.# .... #..### .#
.#. #..S.### .##
....# ###...h###
.g# ##....
#.....h###..#
#..###.#...h@....#
#
##......#########.#
........########..#
.####............#
#......#######
#......# #......#
#......# #......#


You could see 3 jackals and a ball python.

Vanquished Creatures
  An endoplasm (D:1)
  A jackal (D:1)
  A quokka (D:1)
  A frilled lizard (D:1)
  A rat (D:1)
5 creatures vanquished.

Notes
Turn   | Place    | Note
-------+----------+-------------------------------------------
     0 | D:1      | wafflestompin the Spriggan Enchanter began the quest for
                  | the Orb.
     0 | D:1      | Reached XP level 1. HP: 9/9 MP: 5/5
   389 | D:1      | Slain by a jackal

Illustrated notes

Levels and vault maps discovered:
D:1:      minmay_arrival_open_corners, layout_basic,
          chequers_ecumenical_altar_island, minmay_unequal

Skill      XL: |  1 |
---------------+----+-----
Hexes          | 4 |  4.0
Short Blades   | |  1.1
Dodging        | |  2.8
Stealth        | |  4.4
Spellcasting   | |  2.7

Action                   || total
-------------------------++-------
Melee: Dagger            ||    30
 Cast: Corona            ||     4
Armor: Robe              ||     5
Dodge: Dodged            ||    30

Table legend: (Time is in decaauts)
 A = Elapsed time spent in this place.
 B = Non-inter-level travel time spent in this place.
 C = Inter-level travel time spent in this place.
 D = Time resting spent in this place.
 E = Time spent auto-exploring this place.
 F = Levels seen in this place.
 G = Mean time per level.
                   A        B        C        D        E       F      G
               +--------+--------+--------+--------+--------+-----+--------+
         Total |    326 |    326 |      0 |      0 |    249 |   1 |  326.0 |
       Dungeon |    326 |    326 |      0 |      0 |    249 |   1 |  326.0 |
               +--------+--------+--------+--------+--------+-----+--------+

Top non-repeatable levels by time:
     D:1: 326 daAuts
